 Dungeon Crawl Stone Soup version 0.30-a0-365-ge7f957f1db (webtiles) character file.

Game seed: 10756156170265267232

1076 HoaS the Skirmisher (level 8, -16/44 HPs)
             Began as a Kobold Hunter on Nov 17, 2022.
             Was a Believer of Okawaru.
             Demolished by an ogre
             ... wielding a +0 giant club
              (31 damage)
             ... on level 5 of the Dungeon.
             The game lasted 00:08:41 (5607 turns).

HoaS the Skirmisher (Kobold Hunter)                 Turns: 5607, Time: 00:08:42

Health: -16/44     AC:  3    Str:  8    XL:     8   Next: 54%
Magic:  8/10       EV: 19    Int: 11    God:    Okawaru [**....]
Gold:   170        SH:  0    Dex: 20    Spells: 7/7 levels left

rFire   . . .      SeeInvis .    a - +1 shortbow (vorpal)
rCold   . . .      Faith    .    (shield currently unavailable)
rNeg    . . .      Spirit   .    c - +0 leather armour
rPois   .          Reflect  .    (no helmet)
rElec   .          Harm     .    (no cloak)
rCorr   .          Rampage  .    (no gloves)
Will    .....                    (no boots)
Stlth   ++++......               (no amulet)
HPRegen 0.27/turn                (no ring)
MPRegen 0.12/turn                (no ring)

@: heroic
A: small, no large weapons, nightstalker 3
a: Renounce Religion, Heroism


You were on level 5 of the Dungeon.
You worshipped Okawaru.
Okawaru was pleased with you.
You visited 2 branches of the dungeon, and saw 7 of its levels.

You collected 170 gold pieces.

Inventory:

Hand Weapons
 a - a +1 vorpal shortbow (weapon)
Armour
 c - a +0 leather armour (worn)
Scrolls
 b - 2 scrolls of immolation
 d - a scroll of vulnerability
 f - a scroll of noise
 k - 2 scrolls of fear
 m - a scroll of teleportation
 n - a scroll of fog
Potions
 e - a potion of haste
 g - a potion of lignification {unknown}
 h - a potion of flight {unknown}
 i - 3 potions of resistance
 j - a potion of attraction
 l - a potion of curing {unknown}


   Skills:
 - Level 2.1(7.1) Fighting
 * Level 12.7(17.7) Ranged Weapons
 - Level 2.4(7.4) Dodging
 - Level 1.3(6.3) Stealth
 - Level 3.0 Invocations


You had 7 spell levels left.
You didn't know any spells.
Your spell library contained the following spells:

 Spells                   Type           Power      Damage    Failure   Level
 Slow                     Hex            0%         N/A       43%         1
 Confusing Touch          Hex            0%         N/A       82%         3
 Vampiric Draining        Necr           0%         2d6       82%         3


Dungeon Overview and Level Annotations

Branches:
Dungeon (6/15)             Temple (1/1) D:4

Altars:
Cheibriados
Dithmenos
Elyvilon
Fedhas
Hepliaklqana
Makhleb
Nemelex Xobeh
Okawaru
Qazlal
Ru
Sif Muna
Uskayaw
Wu Jian
Yredelemnul
The Shining One

Shops:
D:2 :

Annotations:
D:4 1 runed translucent door, nj0rd12's ghost, amateur MiFi
D:5 Prince Ribbit


Innate Abilities, Weirdness & Mutations

You are small and have problems with some larger weapons.
You are completely attuned to the shadows.


Message History

* * * LOW HITPOINT WARNING * * *
Fire: a) +1 shortbow (vorpal)
Press: ? - help, Q - select action, (/) - cycle Shift-Dir - straight line, f/p - phantom
Aim: a phantom (heavily damaged, 62% to hit)
You shoot an arrow. The arrow hits the phantom!
You destroy the phantom!
Okawaru accepts your kill.
Fire: a) +1 shortbow (vorpal)
Press: ? - help, Q - select action, (/) - cycle Shift-Dir - straight line, f - you
Okay, then.
You start resting.
HP restored.
You climb downwards.
The centaur unwields a +0 shortbow.
The centaur barely misses you. x2; The ogre misses you.
The centaur closely misses you. The centaur barely misses you.
There is a stone staircase leading up, spattered with blood here.
The centaur closely misses you.
The centaur kicks you but does no damage.
The ogre hits you with a +0 giant club!!
Ouch! That really hurt!
The centaur hits you. The centaur misses you.
You climb upwards.
Level annotation: Prince Ribbit
There is a stone staircase leading down here.
You gain the combat prowess of a mighty hero.
The centaur barely misses you. The centaur closely misses you.
The ogre completely misses you.
Fire: a) +1 shortbow (vorpal)
Press: ? - help, Q - select action, (/) - cycle Shift-Dir - straight line, f - centaur
Aim: a centaur (moderately wounded, 80% to hit)
You shoot an arrow. The arrow hits the centaur.
The centaur is heavily wounded.
The centaur hits you. The centaur completely misses you.
Fire: a) +1 shortbow (vorpal)
Press: ? - help, Q - select action, (/) - cycle Shift-Dir - straight line, p - centaur You shoot an arrow.
The centaur misses you. The centaur closely misses you.
The ogre hits you with a +0 giant club!!
Ouch! That really hurt!
You die...

#########################
##.......................#
#..#.#.#....####...#####.#
##.##........# #...# ###.#
##..##.#.#..+## #...#
#...###### #..###.......#
#...# #.........
#.#####......# #...#
#...######
#...#####.##.#####...# #...#
#
###..[....##...O@....###...#
# ##############c#....######
# #.#....###########
#.####.#.........# #.#
#............ #.#
###.......... #.#
#.......... #.# #..........
#.# #..........


You could see an ogre and a centaur.

Vanquished Creatures
  Sigmund (D:2)
  Edmund (D:5)
  Menkaure (D:5)
  A black bear (D:5)
  A phantom (D:5)
  A kobold brigand (D:5)
  A necrophage (D:5)
  2 scorpions
  A hound (D:4)
  3 iguanas
  8 adders
  An ufetubus (D:5)
  4 worms (D:2)
  4 dart slugs
  2 orcs (D:3)
  7 ball pythons
  3 endoplasms
  2 giant cockroaches
  7 goblins
  4 hobgoblins
  2 jackals (D:4)
  A quokka (D:4)
  2 bats
  8 kobolds
  A rat (D:1)
69 creatures vanquished.

Notes
Turn   | Place    | Note
-------+----------+-------------------------------------------
     0 | D:1      | HoaS the Kobold Hunter began the quest for the Orb.
     0 | D:1      | Reached XP level 1. HP: 12/12 MP: 1/1
   127 | D:1      | Reached XP level 2. HP: 17/17 MP: 2/2
   130 | D:1      | Reached skill level 6 in Ranged Weapons
   248 | D:1      | Found a faded altar of an unknown god.
   573 | D:1      | Reached XP level 3. HP: 21/21 MP: 3/3
   799 | D:2      | Noticed Sigmund
   950 | D:2      | Reached skill level 7 in Ranged Weapons
  1020 | D:2      | Reached XP level 4. HP: 20/26 MP: 4/4
  1097 | D:2      | Found an ornate altar of the Wu Jian Council.
  1145 | D:2      | Found Zafeoti Zuho's Book Emporium.
  1559 | D:3      | Reached XP level 5. HP: 30/30 MP: 5/5
  1705 | D:3      | Reached skill level 8 in Ranged Weapons
  1883 | D:3      | Identified the +5 mace "Coem" {elec, rElec}
  2428 | D:4      | Found a staircase to the Ecumenical Temple.
  2434 | Temple   | Entered the Ecumenical Temple
  2591 | Temple   | Became a worshipper of Warmaster Okawaru
  2661 | D:4      | Reached skill level 1 in Invocations
  2661 | D:4      | Reached XP level 6. HP: 22/35 MP: 6/6
  2989 | D:4      | Reached skill level 9 in Ranged Weapons
  3046 | D:4      | Noticed nj0rd12's ghost (amateur MiFi)
  3286 | D:4      | Found a runed translucent door.
  3339 | D:4      | Found an ornate altar of the Wu Jian Council.
  3807 | D:2      | Killed Sigmund
  3807 | D:2      | Reached * piety under Okawaru
  3808 | D:2      | Reached skill level 10 in Ranged Weapons
  3808 | D:2      | Reached XP level 7. HP: 36/40 MP: 7/9
  4030 | D:5      | Entered Level 5 of the Dungeon
  4347 | D:5      | Noticed Prince Ribbit
  4510 | D:5      | Reached skill level 11 in Ranged Weapons
  4655 | D:5      | Reached XP level 8. HP: 34/44 MP: 10/10
  4749 | D:5      | Noticed Menkaure
  4755 | D:5      | Killed Menkaure
  4755 | D:5      | Reached ** piety under Okawaru
  5155 | D:5      | Noticed Edmund
  5169 | D:5      | Killed Edmund
  5170 | D:5      | Reached skill level 12 in Ranged Weapons
  5607 | D:5      | Demolished by an ogre

Illustrated notes

Levels and vault maps discovered:
D:1:      minmay_arrival_split_and_join, layout_basic,
          shapermc_ecumenical_altar_notcrosses
D:2:      layout_rooms, basic_altar, serial_shops, shop_statue, uniq_sigmund
D:3:      layout_loops_cross
D:4:      layout_basic, mainiacjoe_overflow_brackets,
          minmay_temple_entry_drinking_statues, hellmonk_ghost_happy_afterlife
D:5:      layout_basic, abandoned_shop, glass_columns_a, uniq_edmund,
          uniq_menkaure, uniq_prince_ribbit1
D:6:      layout_loops_corners, mainiacjoe_overflow_alcove_2,
          kennysheep_vampire_church, mainiacjoe_overflow_alcove_3, uniq_pikel
Temple:   compressed_dpeg_circular_temple

Skill      XL: |  1  2  3  4  5  6  7  8 |
---------------+-------------------------+-----
Ranged Weapons | 6 7 8 10 11 12 | 12.7
Invocations    | 1 3 |  3.0
Fighting       | |  2.1
Dodging        | |  2.4
Stealth        | |  1.3

Action                   |  1- 3 |  4- 6 |  7- 9 || total
-------------------------+-------+-------+-------++-------
 Fire: Shortbow          |    65 |   116 |    69 ||   250
Invok: Heroism           |       |       |     1 ||     1
  Use: Scroll            |     5 |     5 |     4 ||    14
Armor: Leather armour    |     4 |    12 |     6 ||    22
Dodge: Dodged            |    11 |    39 |    45 ||    95

Table legend: (Time is in decaauts)
 A = Elapsed time spent in this place.
 B = Non-inter-level travel time spent in this place.
 C = Inter-level travel time spent in this place.
 D = Time resting spent in this place.
 E = Time spent auto-exploring this place.
 F = Levels seen in this place.
 G = Mean time per level.
                   A        B        C        D        E       F      G
               +--------+--------+--------+--------+--------+-----+--------+
         Total |   5645 |   5315 |    330 |   1106 |   3636 |   7 |  806.4 |
       Dungeon |   5478 |   5184 |    294 |   1106 |   3521 |   6 |  913.0 |
        Temple |    166 |    130 |     36 |      0 |    115 |   1 |  166.0 |
               +--------+--------+--------+--------+--------+-----+--------+

Top non-repeatable levels by time:
     D:5: 1566 daAuts
     D:4: 1302 daAuts
     D:3: 921 daAuts
     D:1: 857 daAuts
     D:2: 819 daAuts
  Temple: 166 daAuts
     D:6: 11 daAuts
